 Dungeon Crawl Stone Soup version 0.21.1-1-g345015f (webtiles) character file.

15 tidbits the Insei (level 2, 21/23 HPs)
             Began as a Gnoll Transmuter on Feb 28, 2018.
             Quit the game on level 3 of the Dungeon.
             The game lasted 00:02:10 (199 turns).

tidbits the Insei (Gnoll Transmuter)                 Turns: 199, Time: 00:02:11

Health: 21/23      AC:  2    Str: 12    XL:     2   Next: 50%
Magic:  7/7        EV: 14    Int: 15    God:
Gold:   0          SH:  0    Dex: 15    Spells: 7/10 levels left

rFire    . . .     SeeInvis .   i - -2 hunting sling (curse)
rCold    . . .     Gourm    .   (no shield)
rNeg     . . .     Faith    .   b - +0 robe
rPois    .         Spirit   .   (no helmet)
rElec    .         Reflect  .   (no cloak)
rCorr    .         Harm     +   (no gloves)
MR       .....                  (no boots)
Stlth    ++........             h - amulet of harm
HPRegen  0.07/turn              (no ring)
MPRegen  0.10/turn              (no ring)

@: about to teleport
A: distributed training, fangs 1, strong nose
a: no special abilities


You were on level 3 of the Dungeon.
You were not hungry.

You visited 1 branch of the dungeon, and saw 3 of its levels.

Inventory:

Hand Weapons
 e - a +0 dagger
 i - a cursed -2 hunting sling (weapon)
Missiles
 a - 12 arrows
 f - 24 bolts
 j - 15 stones (quivered)
Armour
 b - a +0 robe (worn)
Jewellery
 h - an amulet of harm (around neck)
   (You found it on level 1 of the Dungeon)
Books
 c - a book of Changes

   Spells                             Type                      Level
   a - Beastly Appendage              Transmutation                1
   b - Sticks to Snakes               Transmutation                2
   c - Spider Form                    Transmutation/Poison         3
   d - Ice Form                       Ice/Transmutation            4
   e - Blade Hands                    Transmutation                5
Comestibles
 d - 2 rations


   Skills:
 + Level 2.5 Fighting
 + Level 0.4 Short Blades
 + Level 0.4 Long Blades
 + Level 0.4 Axes
 + Level 0.4 Maces & Flails
 + Level 0.4 Polearms
 + Level 0.4 Staves
 + Level 0.4 Slings
 + Level 0.4 Bows
 + Level 0.4 Crossbows
 + Level 0.4 Throwing
 + Level 0.4 Armour
 + Level 4.5 Dodging
 + Level 0.4 Stealth
 + Level 0.4 Shields
 + Level 6.5 Unarmed Combat
 + Level 4.9 Spellcasting
 + Level 0.2 Conjurations
 + Level 0.2 Hexes
 + Level 0.2 Charms
 + Level 0.2 Summonings
 + Level 0.2 Necromancy
 + Level 0.2 Translocations
 + Level 3.7 Transmutations
 + Level 0.2 Fire Magic
 + Level 0.2 Ice Magic
 + Level 0.2 Air Magic
 + Level 0.2 Earth Magic
 + Level 0.2 Poison Magic
 + Level 0.5 Invocations
 + Level 0.4 Evocations


You had 7 spell levels left.
You knew the following spells:

 Your Spells              Type           Power        Failure   Level  Hunger
e - Beastly Appendage     Tmut           ##....       3%          1    None
k - Sticks to Snakes      Tmut           ##......     5%          2    ##.....


Dungeon Overview and Level Annotations

Branches:
Dungeon (3/15)

Altars:


Innate Abilities, Weirdness & Mutations

Your experience applies equally to all skills.
You have very sharp teeth.
Your uncanny sense of smell can sniff out nearby items.


Message History

The hobgoblin shouts!
You punch the hobgoblin!
You kill the hobgoblin!
The goblin completely misses you.
You punch the goblin!
You kill the goblin!
You barely miss the hobgoblin. Your kick misses the hobgoblin.
The hobgoblin hits you but does no damage.
You hit the hobgoblin but do no damage. You claw the hobgoblin.
The hobgoblin is almost dead.
The hobgoblin barely misses you.
You punch the hobgoblin!
You kill the hobgoblin!
Things that are here:
a club; a goblin corpse Your transformation is almost over.
Found a scroll labeled TAKKEI LAXIAQ.
A frilled lizard comes into view.
The frilled lizard hisses angrily.
Found a glowing cameo amulet.
Casting: Beastly Appendage
Confirm with . or Enter, or press ? or * to list all spells.
You extend your transformation's duration.
You miss the frilled lizard. The frilled lizard bites you.
You hit the frilled lizard.
You kill the frilled lizard!
Found a ration.
Found 13 stones.
You see here a scroll labeled TAKKEI LAXIAQ.
g - a scroll labeled TAKKEI LAXIAQ Your transformation is almost over.
You see here a glowing cameo amulet.
h - a glowing cameo amulet Put on which piece of jewellery? (? for menu, Esc to quit)
h - an amulet of harm (around neck)
Found a stone staircase leading down.
You see here a ration.
d - 2 rations (gained 1)
Your talons disappear.
Found 10 poisoned needles.
A bat comes into view.
Casting: Beastly Appendage
Confirm with . or Enter, or press ? or * to list all spells.
You grow a pair of large bovine horns.
There is a stone staircase leading down here.
Unknown command.
You climb downwards.
There is a stone staircase leading up here.
Unknown command.
As you open the door, it creaks loudly!
You hear a bark!
Found an escape hatch in the ceiling.
Unknown command.
There is an open door here.
Found a stone staircase leading down.
A jackal comes into view.
Casting: Beastly Appendage
Confirm with . or Enter, or press ? or * to list all spells.
You extend your transformation's duration.
The jackal barks!
A jackal comes into view.
The jackal barks!
There is an open door here.
You hit the jackal. Your headbutt misses the jackal.
The jackal is lightly wounded.
The jackal barely misses you.
You hit the jackal but do no damage.
The jackal is lightly wounded.
The jackal bites you.
You punch the jackal!
You kill the jackal!
You barely miss the jackal.
Your transformation is almost over.
The jackal bites you. x2
You punch the jackal!
You kill the jackal!
You see here a jackal corpse.
There is an open door here.
Your horns disappear.
Found a ring mail.
There is a stone staircase leading down here.
You climb downwards.
You hear the sound of rushing water.
There is an entrance to a sewer on this level.
Hurry and find it before the portal rusts away!
There is a stone staircase leading up here.
Found a hunting sling.
You see here a hunting sling.
i - a hunting sling
Found 15 stones.
Found a shortbow.
You see here 15 stones.
j - 15 stones Wield which item (- for none, * to show all)? (? for menu, Esc to quit)
It sticks to your hand!
i - a cursed -2 hunting sling (weapon)
Adjust (i)tems, (s)pells, or (a)bilities?
Adjust which item? (? for menu, Esc to quit)
Okay, then.
As you read the scroll labeled TAKKEI LAXIAQ, it crumbles to dust.
You feel strangely unstable.
It was a scroll of teleportation.
Are you sure you want to abandon this character and quit the game? (Confirm with "yes".)

... ... ...
#.# ###.## ##
...) .#
#.###.#
#@....#
.######..#
.........####
#####.......+
##...####
##..# ##.##
#...# #.#.#


There were no monsters in sight!

Vanquished Creatures
  3 goblins (D:1)
  4 hobgoblins (D:1)
  2 jackals (D:2)
  A bat (D:1)
  2 frilled lizards (D:1)
  A rat (D:1)
13 creatures vanquished.

Notes
Turn   | Place    | Note
-------+----------+-------------------------------------------
     0 | D:1      | tidbits the Gnoll Transmuter began the quest for the Orb.
     0 | D:1      | Reached XP level 1. HP: 17/17 MP: 6/6
    85 | D:1      | Reached XP level 2. HP: 23/23 MP: 5/7
    89 | D:1      | Learned a level 2 spell: Sticks to Snakes
   199 | D:3      | Quit the game

Action                   || total
-------------------------++-------
Melee: Unarmed           ||    24
       Kick              ||     2
       Headbutt          ||     1
 Cast: Beastly Appendage ||     8
  Use: Scroll            ||     1
Dodge: Dodged            ||     7

Table legend:
 A = Turns spent in this place as a percentage of turns spent in the entire game.
 B = Non-inter-level travel turns spent in this place as a percentage of non-inter-level travel turns spent in the entire game.
 C = Inter-level travel turns spent in this place as a percentage of turns spent in this place.
 D = Turns resting spent in this place as a percentage of non-inter-level travel turns spent in this place.
 E = Turns spent auto-exploring this place as a percentage of non-inter-level travel turns spent in this place.
 F = Non-inter-level travel turns spent in this place divided by the number of levels of this place that you've seen.
                   A       B       C       D       E      F
               +-------+-------+-------+-------+-------+----------------------
         Total | 100.0 | 100.0 |   0.0 |   0.0 |   0.0 |  66.3
       Dungeon | 100.0 | 100.0 |   0.0 |   0.0 |   0.0 |  66.3
               +-------+-------+-------+-------+-------+----------------------

Table legend:
 A = Kills in this place as a percentage of kills in entire the game.
 B = Kills by you in this place as a percentage of kills by you in the entire game.
 C = Kills by friends in this place as a percentage of kills by friends in the entire game.
 D = Other kills in this place as a percentage of other kills in the entire game.
 E = Experience gained in this place as a percentage of experience gained in the entire game.
 F = Experience gained in this place divided by the number of levels of this place that you have seen.
                   A       B       C       D       E      F
               +-------+-------+-------+-------+-------+----------------------
         Total | 100.0 | 100.0 |   N/A |   N/A | 100.0 |   7.3
       Dungeon | 100.0 | 100.0 |   N/A |   N/A | 100.0 |   7.3
               +-------+-------+-------+-------+-------+----------------------

Vault maps used:
D:1:      minmay_arrival_shoal_huts, corexii_item_surrounded_by_moat
D:2:      trog_hazing_becter, uniq_sigmund, uniq_robin
D:3:      minmay_wonky_spiral, lemuel_round_altar, lightli_sewer_entry_pipes,
          st_stairs_1, minmay_misc_feat_columns
